 Dungeon Crawl Stone Soup version 0.15-a0-187-g0bb430c (webtiles) character file.

165 PolkaDot the Vexing (level 4, -1/30 HPs)
             Began as a Vampire Enchanter on Apr 21, 2014.
             Slain by a hound (3 damage)
             ... on Level 2 of the Dungeon.
             The game lasted 00:04:55 (1215 turns).

PolkaDot the Vexing (Vampire Enchanter)             Turns: 1215, Time: 00:04:55

HP  -1/30        AC  3     Str  7      XL: 4   Next: 31%
MP   2/7         EV 18     Int 17      God:
Gold 76          SH  0     Dex 20      Spells:  3 memorised,  1 level left

rFire  + . .     SeeInvis +     a - +1,+2 dagger
rCold  + . .     Clarity  .     b - +1 robe
rNeg   . . .     Conserve .     (no shield)
rPois  +         rCorr    .     (no helmet)
rElec  +         rRot     .     (no cloak)
SustAb . .       Spirit   .     (no gloves)
rMut   .         Warding  .     (no boots)
Saprov . . .     Stasis   .     (no amulet)
MR     .....                    (no ring)
                                (no ring)

@: regenerating quickly, agile, very slightly contaminated, not resistant to
hostile enchantments, very stealthy
A: fangs 3, see invisible, unbreathing
a: no special abilities


You were on level 2 of the Dungeon.
You were full.

You visited 1 branch of the dungeon, and saw 2 of its levels.

You collected 76 gold pieces.

Inventory:

Hand weapons
 a - a +1,+2 dagger (weapon)
Missiles
 d - 12 darts (quivered)
Armour
 b - a +1 robe (worn)
Magical devices
 n - a wand of random effects (12) {unknown}
Scrolls
 f - a scroll of enchant weapon II
 g - a scroll of blinking {unknown}
 h - a scroll of remove curse {unknown}
 k - a scroll of identify {unknown}
 m - a scroll of amnesia {unknown}
 o - a scroll of recharging {unknown}
Potions
 i - a potion of resistance
Books
 c - a book of Maledictions

   Spells                             Type                      Level
   *Corona                            Hexes                        1
   Sure Blade                         Hexes/Charms                 2
   *Ensorcelled Hibernation           Hexes/Ice                    2
   *Confuse                           Hexes                        3
   Dazzling Spray                     Conjuration/Hexes            3
   Enslavement                        Hexes                        4


   Skills:
 + Level 2.1 Short Blades
 - Level 0.7 Throwing
 - Level 2.1 Dodging
 + Level 4.4 Stealth
 - Level 2.0 Spellcasting
 * Level 6.3 Hexes


You had one spell level left.
You knew the following spells:

 Your Spells              Type           Power        Failure   Level  Hunger
a - Corona                Hex            ###....      1%          1    #......
c - Confuse               Hex            ###.....     6%          3    ####...
d - Ensorcelled Hibernat  Hex/Ice        ##....       10%         2    ###....


Dungeon Overview and Level Annotations

Branches:
Dungeon (2/15)

Altars:


Innate Abilities, Weirdness & Mutations

Your natural rate of healing is unusually fast.
You have razor-sharp teeth.*
You have supernaturally acute eyesight.
You can survive without breathing.*


Message History

You feel refreshed.
It was a potion of restore abilities.
The hound barely misses you.
The gnoll hits you from afar with a halberd!
Drink which item? (? for menu, Esc to quit)
You feel agile all of a sudden.
It was a potion of agility.
The hound barely misses you. The hound barely misses you.
The gnoll hits you from afar with a halberd!
* * * LOW HITPOINT WARNING * * *
Drink which item? (? for menu, Esc to quit)
You feel protected.
It was a potion of resistance.
The hound bites you.
* * * LOW HITPOINT WARNING * * *
Read which item? (? for menu, Esc to quit)
As you read the scroll labeled TIKIYH SCHODGH, it crumbles to dust.
It is a scroll of enchant weapon II.
Enchant which weapon? (? for menu, Esc to quit)
Your +1,+1 dagger glows red for a moment.
The hound bites you.
You die...

#....#....# #..#####.##.#.# #
#....#....# ##........#.#.# #
#....#...P#+#+##........#.#.###
###.#.##....%...##......%.#.#....
.....(....)P#...##........#.#####
............# ..##..........# #
..........).# ###........### #
....%.....########........#######
..........))..gh@................
.........######################..
.........# #.. .........# #..
.......... .... ########## #####


You could see a hound and a gnoll.

Vanquished Creatures
  A hound (D:2)
  2 adders
  A worm (D:2)
  5 bats
  A giant cockroach (D:1)
  7 goblins
  6 hobgoblins
  2 quokkas (D:2)
  5 giant newts
  5 jackals
  4 kobolds
  3 rats
42 creatures vanquished.

Notes
Turn   | Place    | Note
--------------------------------------------------------------
     0 | D:1      | PolkaDot, the Vampire Enchanter, began the quest for the Orb.
     0 | D:1      | Reached XP level 1. HP: 13/13 MP: 3/3
   116 | D:1      | Reached XP level 2. HP: 13/19 MP: 4/4
   137 | D:1      | Learned a level 2 spell: Ensorcelled Hibernation
   291 | D:1      | Reached skill level 5 in Hexes
   699 | D:2      | Reached XP level 3. HP: 24/24 MP: 6/6
   821 | D:2      | Learned a level 3 spell: Confuse
  1170 | D:2      | Reached skill level 6 in Hexes
  1195 | D:2      | Reached XP level 4. HP: 30/30 MP: 4/7
  1215 | D:2      | Slain by a hound

Action                   |  1- 3 |  4- 6 || total
-------------------------+-------+-------++-------
Melee: Dagger            |   127 |       ||   127
Throw: Dart              |     1 |       ||     1
 Cast: Corona            |     2 |       ||     2
       Ensorcelled Hiber |    22 |     1 ||    23
  Use: Potion            |     1 |     5 ||     6
       Scroll            |       |     1 ||     1
 Stab: Sleeping          |    22 |       ||    22
